 Dungeon Crawl Stone Soup version 0.28.0-53-g5a82cb258f (webtiles) character file.

Game seed: 7296363668855766259

506 ILmort the Cutter (level 6, -4/51 HPs)
             Began as a Demonspawn Fighter on Aug 25, 2022.
             Slain by an ogre
             ... wielding a +0 giant club
              (13 damage)
             ... on level 3 of the Dungeon.
             The game lasted 00:11:46 (4326 turns).

ILmort the Cutter (Demonspawn Fighter)              Turns: 4326, Time: 00:11:47

Health: -4/51      AC: 10    Str: 19    XL:     6   Next: 97%
Magic:  6/6        EV:  9    Int:  9    God:
Gold:   119        SH:  4    Dex: 12    Spells: 5/5 levels left

rFire   + . .      SeeInvis .   a - +0 rapier
rCold   + . .      Faith    .   c - +0 buckler
rNeg    . . .      Spirit   .   b - +0 scale mail
rPois   .          Reflect  .   g - +0 helmet
rElec   .          Harm     .   h - scarf {rC+ rF+}
rCorr   .          Rampage  .   (no gloves)
Will    .....                   (no boots)
Stlth   ..........              (no amulet)
HPRegen 0.17/turn               (no ring)
MPRegen 0.10/turn               (no ring)

@: mighty
A: icy blue scales 2, powered by death 1
a: no special abilities


You were on level 3 of the Dungeon.
You visited 1 branch of the dungeon, and saw 4 of its levels.

You collected 119 gold pieces.

Inventory:

Hand Weapons
 a - a +0 rapier (weapon)
Armour
 b - a +0 scale mail (worn)
 c - a +0 buckler (worn)
 g - a +0 helmet (worn)
 h - a scarf of resistance (worn)
Scrolls
 e - a scroll of immolation {unknown}
 j - a scroll of blinking {unknown}
 l - a scroll of teleportation {unknown}
 m - a scroll of enchant weapon {unknown}
 p - a scroll of amnesia {unknown}
 r - a scroll of fear {unknown}
Potions
 d - a potion of might
 f - a potion of flight {unknown}
 i - a potion of brilliance {unknown}
 k - 2 potions of resistance {unknown}
 n - a potion of haste {unknown}
 o - a potion of curing {unknown}
 q - a potion of mutation {unknown}
 s - a potion of ambrosia {unknown}


   Skills:
 + Level 5.3 Fighting
 * Level 5.6 Short Blades
 - Level 2.6 Armour
 - Level 2.6 Shields


You had 5 spell levels left.
You didn't know any spells.
Your spell library contained the following spells:

 Spells                   Type           Power      Damage    Failure   Level
 Animate Skeleton         Necr           0%         N/A       86%         1
 Apportation              Tloc           0%         N/A       86%         1
 Summon Small Mammal      Summ           0%         N/A       86%         1
 Ozocubu's Armour         Ice            0%         N/A       99%         3
 Tukima's Dance           Hex            0%         N/A       99%         3
 Passage of Golubria      Tloc           0%         N/A       100%        4
 Yara's Violent Unravell  Hex/Tmut       0%         3d3       100%        5
 Ozocubu's Refrigeration  Ice            0%         4d5       100%        7


Dungeon Overview and Level Annotations

Branches:
Dungeon (4/15)
 Temple: D:4-7

Altars:
Nemelex Xobeh

Annotations:
D:4 4 runed translucent doors, Crazy Yiuf; Tropan82's ghost, amateur GrBe; kalagan's ghost, amateur DECj


Innate Abilities, Weirdness & Mutations

You are mostly covered in icy blue scales. (AC +3)
You regenerate a little health from kills.


Message History

You see here a worm corpse.
You now have 101 gold pieces (gained 1).
Found a stone staircase leading down. 2 jackals come into view.
The jackal barks! x2
Found 18 gold pieces.
The jackal closely misses you.
You hit the jackal but do no damage.
The jackal bites you but does no damage.
The jackal closely misses you.
You puncture the jackal!
You kill the jackal!
No target in view!
No target in view!
No target in view!
No target in view!
You see here a jackal corpse.
There is a stone staircase leading down here.
You now have 119 gold pieces (gained 18).
Found a sparkling altar of Nemelex Xobeh.
The jackal barks!
You puncture the jackal!
You kill the jackal!
A rat comes into view.
You puncture the rat!
You kill the rat!
You see here a +0 leather armour.
The ogre shouts!
You barely miss the ogre. The ogre closely misses you.
You barely miss the ogre. The ogre hits you with a +0 giant club!
You hit the ogre. You block the ogre's attack.
You barely miss the ogre. You puncture the ogre!
The ogre hits you with a +0 giant club!!
You barely miss the ogre. The ogre hits you with a +0 giant club!
* * * LOW HITPOINT WARNING * * *
You hit the ogre. The ogre closely misses you.
You feel very mighty all of a sudden.
You puncture the ogre! The ogre hits you with a +0 giant club!
You die...

†≈.# #[# #....# ##### .§.#
#.###...># #...####### .≈.#
#........# #..<....... .≈..#
#.....#'## ###.....### .≈..#
#.....### ##....#
.≈..########.....# ##...#
.§...............# ≈≈. #...# .§..
##..........#§§§.≈ #..)### ≈≈.#
#........#@#§§J≈. #...... ...##
#....#...#O#≈≈≈O≈ ##.#### ....#
#....#.....##≈≈.$ #.[#...
....###....#.....###≈.. ######.##
................(..##§§##........
......................§..........
.................#...#########.##
.............######## #.#
..##.........#####...... #.#


You could see an ogre.

Vanquished Creatures
  An ogre (D:4)
  A phantom (D:4)
  2 scorpions
  2 hounds
  A jelly (D:4)
  A killer bee zombie (D:4)
  A hound skeleton (D:4)
  2 adders
  2 worms
  4 dart slugs
  6 orcs (D:4)
  2 endoplasms
  9 giant cockroaches
  8 goblins
  5 hobgoblins
  4 jackals (D:3)
  4 quokkas
  8 ball pythons
  5 bats
  3 frilled lizards
  9 kobolds
  5 rats
85 creatures vanquished.

Vanquished Creatures (others)
  A withered plant (D:4)
1 creature vanquished.

Grand Total: 86 creatures vanquished

Notes
Turn   | Place    | Note
-------+----------+-------------------------------------------
     0 | D:1      | ILmort the Demonspawn Fighter began the quest for the Orb.
     0 | D:1      | Reached XP level 1. HP: 18/18 MP: 1/1
   305 | D:1      | Gained mutation: You regenerate a little health from kills.
                  | [demonic ancestry]
   305 | D:1      | Reached XP level 2. HP: 22/24 MP: 2/2
   772 | D:1      | Reached XP level 3. HP: 19/29 MP: 3/3
   980 | D:1      | Found a faded altar of an unknown god.
  1423 | D:2      | Gained mutation: You are partially covered in icy blue
                  | scales. (AC +2) [demonic ancestry]
  1423 | D:2      | Reached XP level 4. HP: 24/37 MP: 4/4
  2130 | D:3      | Noticed an ogre
  2284 | D:4      | Noticed a phantom
  2315 | D:4      | Killed a phantom
  2316 | D:4      | Reached XP level 5. HP: 2/43 MP: 5/5
  2805 | D:4      | Found a runed translucent door.
  2806 | D:4      | Noticed Crazy Yiuf
  2849 | D:4      | Gained mutation: You are mostly covered in icy blue scales.
                  | (AC +3) [demonic ancestry]
  2849 | D:4      | Reached XP level 6. HP: 49/49 MP: 6/6
  2877 | D:4      | Reached skill level 5 in Short Blades
  3026 | D:4      | Reached skill level 5 in Fighting
  3441 | D:4      | Found a runed translucent gate.
  3441 | D:4      | Found a runed translucent gate.
  3445 | D:4      | Found a runed translucent gate.
  3786 | D:4      | Noticed Tropan82's ghost (amateur GrBe)
  3787 | D:4      | Noticed kalagan's ghost (amateur DECj)
  4278 | D:3      | Found a sparkling altar of Nemelex Xobeh.
  4326 | D:3      | Slain by an ogre

Illustrated notes

Levels and vault maps discovered:
D:1:      nagdon_arrival_double_spiral, layout_basic,
          chequers_ecumenical_altar_grove, kennysheep_decorative_pillar,
          minmay_tetromino_s4
D:2:      layout_rooms
D:3:      layout_basic, mainiacjoe_overflow_brackets, kennysheep_generic_room_3
D:4:      layout_basic, gammafunk_ghost_cemetery, uniq_crazy_yiuf_cottage

Skill      XL: |  1  2  3  4  5  6 |
---------------+-------------------+-----
Short Blades   | 2 3 4 5 |  5.6
Fighting       | 4 5 |  5.3
Armour         | |  2.6
Shields        | |  2.6

Action                   |  1- 3 |  4- 6 || total
-------------------------+-------+-------++-------
Melee: Rapier            |   151 |   176 ||   327
  Use: Potion            |       |     2 ||     2
Armor: Scale mail        |    74 |    67 ||   141
Dodge: Dodged            |    89 |    56 ||   145
Block: Buckler           |    31 |    31 ||    62
